 Dungeon Crawl Stone Soup version 0.13-a0-1585-g6f4f798 (webtiles) character file.

26 Kae the Caller (level 1, -2/13 HPs)
             Began as a Mummy Summoner on June 13, 2013.
             Slain by a giant gecko (3 damage)
             ... on Level 1 of the Dungeon.
             The game lasted 00:01:22 (925 turns).

Kae the Caller (Mummy Summoner)                      Turns: 925, Time: 00:01:22

HP  -2/13        AC  2     Str 11      XL: 1   Next: 75%
MP   1/3         EV 12     Int 14      God:
Gold 20          SH  0     Dex 12      Spells:  1 memorised,  1 level left

Res.Fire  : x . .   See Invis. : .   c - +0 short sword
Res.Cold  : + . .   Warding    : .   a - +0 robe
Life Prot.: + + +   Conserve   : .   (no shield)
Res.Poison: +       Res.Corr.  : .   (no helmet)
Res.Elec. : .       Clarity    : .   (no cloak)
Sust.Abil.: . .     Spirit.Shd : .   (no gloves)
Res.Mut.  : .       Stasis     : .   (no boots)
Res.Rott. : +       Flight     : .   (no amulet)
Saprovore : . . .                    (no ring)
                                     (no ring)

@: not resistant to hostile enchantments, unstealthy
A: no food or potions, fire vulnerability, restore body, cold resistance 1, life
protection 3, poison resistance, torment resistance, unbreathing
a: no special abilities


You were on level 1 of the Dungeon.
You were not hungry.

You visited 1 branch of the dungeon, and saw 1 of its levels.

Inventory:

Hand weapons
 c - a +0,+0 short sword (weapon)
Armour
 a - a +0 robe (worn)
Books
 b - a book of Callings

   Spells                             Type                      Level
   *Summon Small Mammal               Summoning                    1
   Call Imp                           Summoning                    2
   Call Canine Familiar               Summoning                    3
   Summon Scorpions                   Summoning/Poison             4
   Summon Ice Beast                   Ice/Summoning                4


   Skills:
 + Level 1.6 Dodging
 + Level 1.5 Stealth
 + Level 1.0 Spellcasting
 + Level 3.5 Summonings


You had one spell level left.
You knew the following spells:

 Your Spells              Type           Power        Failure   Level  Hunger
a - Summon Small Mammal   Summ           ##..         10%         1    N/A

Dungeon Overview and Level Annotations

Branches:
Dungeon (1/27)

Altars:


Innate Abilities, Weirdness & Mutations

You do not eat or drink.
Your flesh is vulnerable to fire.
Your flesh is cold resistant.
You are immune to negative energy.
Your system is resistant to poisons.
You are immune to unholy pain and torment.
You can survive without breathing.


Message History

The giant gecko hisses menacingly.
Casting: Summon Small Mammal
Confirm with . or Enter, or press ? or * to list all spells.
Your bat closely misses the hobgoblin.
The giant gecko closely misses you.
Your bat hits the hobgoblin but does no damage.
Your bat closely misses the hobgoblin.
The giant gecko bites you but does no damage.
Your bat barely misses the giant gecko.
The hobgoblin closely misses your bat. The giant gecko bites you.
* * * LOW HITPOINT WARNING * * *
Your bat misses the giant gecko.
Your bat closely misses the giant gecko.
Your bat hits the hobgoblin but does no damage.
Your bat closely misses the hobgoblin.
The hobgoblin hits your bat with a club.
Your bat closely misses the hobgoblin.
Your bat hits the hobgoblin but does no damage.
Your bat misses the hobgoblin.
Your bat barely misses the hobgoblin.
The giant gecko bites you.
You die...

######## #..............###
.......#########..#####.##.......
#####..............g....##.......
#..#########..#####.##.......
#...(.........# #..........
#.###.#######.# #.##....... #.#
#.#######.#####.##.......
#####.###....##....##....%.......
................@l.....####.#.###
.....................gb####.#.#
≈≈≈≈≈≈≈≈≈≈≈≈≈≈≈≈≈≈≈≈b≈........#
≈≈≈≈≈≈≈≈≈≈≈≈≈≈≈≈≈≈≈≈≈≈...####.
≈≈≈≈≈≈≈≈≈≈≈≈≈≈≈≈≈≈≈≈≈≈...# .
≈≈#+#+#≈≈≈≈≈≈≈#+#'#≈≈≈...# # ≈
##+###'##...'≈≈≈...#
#.......#...'≈≈≈...#
#.#####.#'#'#≈≈≈...#


You could see a giant gecko, a hobgoblin and friendly 2 bats.

Vanquished Creatures
  A giant cockroach (D:1)
1 creature vanquished.

Vanquished Creatures (collateral kills)
  2 bats (D:1)
  3 jackals (D:1)
  A kobold (D:1)
  2 giant newts (D:1)
8 creatures vanquished.

Vanquished Creatures (others)
  A grey rat (D:1)
  A bat (D:1)
  5 rats (D:1)
7 creatures vanquished.

Grand Total: 16 creatures vanquished

Notes
Turn   | Place    | Note
--------------------------------------------------------------
     0 | D:1      | Kae, the Mummy Summoner, began the quest for the Orb.
     0 | D:1      | Reached XP level 1. HP: 13/13 MP: 3/3
   925 | D:1      | Slain by a giant gecko

Action                   || total
-------------------------++-------
Melee: Unarmed           ||    40
 Cast: Summon Small Mamm ||    14
